[Event "Titled Tuesday Blitz June 07 Late 2022"]
[White "Mickiewicz, Piotr"]
[Black "Golubev, Mikhail"]
[WhiteFideId "1114891"]
[BlackFideId "14100983"]
[WhiteElo "2209"]
[BlackElo "2374"]
[Result "0-1"]
[Round "11"]
[TimeControl "180+1"]
[Date "2022.06.07"]
[WhiteClock "0:00:19"]
[BlackClock "0:00:17"]

1. e4 c5 2. Nf3 d6 3. Nc3 g6 4. g3 Bg7 5. Bg2 Nc6 6. O-O Nf6 7. d3 O-O 8. h3 Rb8 9. Be3 b5 10. a3 a5 11. Qd2 b4 12. axb4 axb4 13. Ne2 Nd7 14. d4 Nb6 15. b3 c4 16. Bh6 d5 17. e5 Bf5 18. Ra2 Ra8 19. Rfa1 Rxa2 20. Rxa2 Qd7 21. g4 Be4 22. Ng3 Bxf3 23. Bxf3 Bxh6 24. Qxh6 Nxd4 25. Bd1 Qc7 26. Qe3 Nc6 27. f4 d4 28. Qe4 Rd8 29. Bf3 Nd5 30. Ra6 cxb3 31. cxb3 d3 32. Qc4 Ne3 33. Rxc6 Qa7 34. Rc8 Nxc4+ 0-1


[Site "https://www.chess.com"]

[Event "Titled Tuesday Blitz June 07 Late 2022"]
[White "Moroni, Luca Jr"]
[Black "Araujo Sanchez, Josue"]
[WhiteFideId "865834"]
[BlackFideId "6416896"]
[WhiteElo "2573"]
[BlackElo "2339"]
[Result "1-0"]
[Round "11"]
[TimeControl "180+1"]
[Date "2022.06.07"]
[WhiteClock "0:00:29"]
[BlackClock "0:00:18"]

1. d4 Nf6 2. Bf4 g6 3. Nc3 d5 4. e3 Bg7 5. Nb5 Na6 6. h3 O-O 7. Nf3 c6 8. Nc3 Nc7 9. Be2 Nce8 10. O-O Nd6 11. Be5 Qb6 12. b3 Bf5 13. Na4 Qa5 14. Qe1 Qxe1 15. Nxe1 Nd7 16. Bxg7 Kxg7 17. c4 Rfc8 18. Nf3 dxc4 19. bxc4 c5 20. d5 Nb6 21. Nb2 Rc7 22. a4 Nbc8 23. a5 h5 24. Nd2 e5 25. Na4 Bd7 26. Nc3 f5 27. f4 e4 28. g4 hxg4 29. hxg4 Ne7 30. g5 Rh8 31. Kg2 Rh7 32. Nb3 Be8 33. Rfb1 Kf8 34. Rb2 Nec8 35. Nd2 Rh8 36. Rh1 Rxh1 37. Kxh1 Rh7+ 38. Kg2 Ke7 39. Nb3 b6 40. axb6 axb6 41. Ra2 Kd8 42. Ra8 Ra7 43. Rxa7 Nxa7 44. Kf2 Nac8 45. Ke1 Nb7 46. Kd2 Ncd6 47. Kc2 Kc7 48. Kb2 Nd8 49. Na1 N8b7 50. Nc2 Na5 51. Na3 Kb7 52. Bf1 Ba4 53. Nxa4 1-0


[Site "https://www.chess.com"]

[Event "Titled Tuesday Blitz June 07 Late 2022"]
[White "Nazaretyan, Tigran"]
[Black "Wachinger, Guenther"]
[WhiteFideId "24162345"]
[BlackFideId "4604261"]
[WhiteElo "2179"]
[BlackElo "2212"]
[Result "1-0"]
[Round "11"]
[TimeControl "180+1"]
[Date "2022.06.07"]
[WhiteClock "0:01:07"]
[BlackClock "0:01:04"]

1. d4 d5 2. c4 e6 3. Nf3 c6 4. Nbd2 Nf6 5. g3 Be7 6. Bg2 O-O 7. O-O b6 8. Qc2 Bb7 9. e4 dxc4 10. Nxc4 c5 11. e5 Nd5 12. dxc5 bxc5 13. Rd1 Nc6 14. a3 Rc8 15. h4 h6 16. b3 Nd4 17. Nxd4 cxd4 18. Rxd4 Qc7 19. Rg4 Kh8 20. Bxh6 gxh6 21. Qd2 Bg5 22. hxg5 h5 23. g6 fxg6 24. Rxg6 Rf7 25. Rxe6 Rcf8 26. Bxd5 Bxd5 27. Qxd5 Rxf2 28. Rh6+ Kg7 29. Rxh5 Qe7 30. Qd6 1-0


[Site "https://www.chess.com"]

[Event "Titled Tuesday Blitz June 07 Late 2022"]
[White "Pesotskiy, Mikhail"]
[Black "Rychagov, Andrey"]
[WhiteFideId "34164453"]
[BlackFideId "4119932"]
[WhiteElo "2010"]
[BlackElo "2460"]
[Result "0-1"]
[Round "11"]
[TimeControl "180+1"]
[Date "2022.06.07"]
[WhiteClock "0:00:01"]
[BlackClock "0:00:52"]

1. d4 f5 2. c4 Nf6 3. Nc3 e6 4. g3 Bb4 5. Bg2 O-O 6. Nf3 d6 7. Qb3 a5 8. a3 Bxc3+ 9. Qxc3 a4 10. O-O Qe7 11. Rd1 b6 12. Ne5 Ne4 13. Bxe4 fxe4 14. Ng4 Qf7 15. Rf1 e5 16. Ne3 Nc6 17. dxe5 Nxe5 18. Ng2 Qxc4 19. Qxc4+ Nxc4 20. Ne3 Be6 21. Rd1 Na5 22. Bd2 Nb3 23. Rab1 d5 24. Bc3 Rad8 25. Be5 Rd7 26. Nc2 c5 27. Na1 d4 28. Nxb3 Bxb3 29. Rd2 Rd5 30. Bc7 Rf6 31. h4 h6 32. e3 Rc6 0-1


[Site "https://www.chess.com"]

[Event "Titled Tuesday Blitz June 07 Late 2022"]
[White "Rohl Montes, Juan Armando"]
[Black "Yurasova, Daria"]
[WhiteFideId "3900487"]
[BlackFideId "34146919"]
[WhiteElo "2359"]
[BlackElo "2021"]
[Result "1-0"]
[Round "11"]
[TimeControl "180+1"]
[Date "2022.06.07"]
[WhiteClock "0:01:15"]
[BlackClock "0:01:05"]

1. e4 e5 2. Nc3 Nc6 3. Nf3 Nf6 4. d4 exd4 5. Nxd4 Bb4 6. Nxc6 bxc6 7. Bd3 d5 8. exd5 cxd5 9. O-O O-O 10. h3 Be6 11. Qf3 Be7 12. Bf4 c6 13. Rad1 Qb6 14. b3 Rfe8 15. Na4 Qb7 16. Rfe1 Rad8 17. Bd2 c5 18. Ba5 Rc8 19. Bc3 Qd7 20. Ba6 Rc7 21. Be5 Rcc8 22. Bxc8 Rxc8 23. c4 d4 24. Nb2 a5 25. Bf4 Bf8 26. Na4 Bf5 27. Nb6 Qc6 28. Nxc8 Qxc8 29. Re5 Bg6 30. Bg5 Nd7 31. Ree1 h6 32. Be7 Bxe7 33. Rxe7 Nf6 34. Qb7 Qf5 35. Qa8+ Kh7 36. Qxa5 d3 37. Qd2 Ne4 38. Rxe4 Qxe4 39. Qe3 Qa8 40. Rxd3 Bxd3 41. Qxd3+ g6 42. Qd5 Qxa2 43. Qxf7+ Kh8 44. Qf8+ Kh7 45. Qxc5 Qxb3 46. Qd4 Qb1+ 47. Kh2 Qb8+ 48. g3 Qc7 49. c5 Qf7 50. c6 1-0


[Site "https://www.chess.com"]

[Event "Titled Tuesday Blitz June 07 Late 2022"]
[White "Romanchuk, Viktor"]
[Black "Ozdemir, Serhan Berat"]
[WhiteFideId "14109271"]
[BlackFideId "6374611"]
[WhiteElo "2242"]
[BlackElo "1920"]
[Result "1/2-1/2"]
[Round "11"]
[TimeControl "180+1"]
[Date "2022.06.07"]
[WhiteClock "0:00:05"]
[BlackClock "0:00:12"]

1. d4 Nf6 2. c4 g6 3. Nf3 Bg7 4. g3 O-O 5. Bg2 d6 6. Nc3 c6 7. O-O Qa5 8. e4 e5 9. Re1 Nbd7 10. h3 exd4 11. Nxd4 Ne5 12. Bf1 Qb6 13. Nb3 Be6 14. Be3 Qc7 15. Nd2 Rfe8 16. f4 Ned7 17. Bf2 Rad8 18. Qc2 Nc5 19. Rad1 Nh5 20. b4 Na6 21. a3 Qd7 22. Kh2 Qc8 23. Nf3 h6 24. Nd4 Bd7 25. Bg2 Nc7 26. Nb3 Ne6 27. f5 gxf5 28. exf5 Ng5 29. g4 Nf4 30. Bg3 Nxg2 31. Kxg2 Rxe1 32. Rxe1 Re8 33. Rxe8+ Qxe8 34. Nc1 Qe3 35. Nd1 Qf3+ 36. Kh2 Be5 37. Bxe5 Qxh3+ 38. Kg1 Nf3+ 39. Kf2 Qh2+ 40. Bxh2 Nxh2 41. Qe2 h5 42. Kg3 Nxg4 43. Ne3 Nf6 44. Qd2 Ne4+ 45. Kh4 Nxd2 46. Kxh5 Kg7 47. Kg5 Nf3+ 48. Kf4 Nd4 49. Nd3 Kf6 50. Ke4 Nxf5 51. Ng4+ Kg5 52. Ngf2 Ng3+ 53. Kf3 Nh5 54. Ne4+ Kh4 55. Nxd6 Bg4+ 56. Kf2 b6 57. Nxf7 Bf5 58. Nde5 Be6 59. Nd8 Nf4 60. Nxe6 Nxe6 61. Nxc6 Kg4 62. Nxa7 Kf4 63. c5 bxc5 64. bxc5 Nxc5 65. Nb5 Ke4 66. Ke2 Kd5 67. Kd2 Kc4 68. Nd6+ Kb3 69. Ke3 Kxa3 1/2-1/2


[Site "https://www.chess.com"]

[Event "Titled Tuesday Blitz June 07 Late 2022"]
[White "Sarana, Alexey"]
[Black "Slugin, Sergey"]
[WhiteFideId "24133795"]
[BlackFideId "4122569"]
[WhiteElo "2666"]
[BlackElo "2358"]
[Result "1-0"]
[Round "11"]
[TimeControl "180+1"]
[Date "2022.06.07"]
[WhiteClock "0:00:16"]
[BlackClock "0:00:08"]

1. d4 Nf6 2. c4 g6 3. Nc3 d5 4. Bf4 Bg7 5. e3 O-O 6. Rc1 Be6 7. c5 c6 8. Nf3 Bg4 9. h3 Bxf3 10. Qxf3 Nbd7 11. Bd3 Re8 12. O-O e5 13. dxe5 Nxe5 14. Bxe5 Rxe5 15. Ne2 Ne4 16. Rfd1 Qe7 17. b4 a5 18. b5 Nxc5 19. bxc6 bxc6 20. Nd4 Qd6 21. Rc2 Nxd3 22. Rxd3 c5 23. Nb5 Qb6 24. a4 Rd8 25. Rcd2 Qc6 26. Rd1 c4 27. R3d2 Qc5 28. Qg4 Qb4 29. Ra2 Qb3 30. Qe2 Re4 31. Qc2 Qxc2 32. Rxc2 c3 33. Ra2 Rc4 34. Kf1 f5 35. Ke2 f4 36. Kd3 fxe3 37. fxe3 Re4 38. Re1 Re6 39. Ree2 Rde8 40. Nc7 R8e7 41. Nxe6 Rxe6 42. e4 dxe4+ 43. Rxe4 Rd6+ 44. Kc2 h5 45. Rc4 Rd2+ 46. Kb3 Rd1 47. Re2 Rb1+ 48. Kc2 Ra1 49. Rc7 Rxa4 50. Re8+ Bf8 51. g3 Ra2+ 52. Kxc3 Rf2 53. Kd3 Rf3+ 54. Ke2 Rf6 55. Ra7 Rf5 56. g4 hxg4 57. hxg4 Rf6 58. Rxa5 Kf7 59. Rc8 Bd6 60. Ra7+ Ke6 61. Re8+ Kd5 62. Ra5+ Kc6 63. Rg5 Bf4 64. Ra5 g5 65. Kd3 Kd7 66. Rea8 Rd6+ 67. Ke4 Rd1 68. Rd5+ Rxd5 69. Kxd5 Ke7 70. Ra7+ Kf6 71. Ra6+ Kf7 72. Ke4 Ke7 73. Kf5 Kf7 74. Ra7+ Kf8 75. Kf6 Ke8 76. Ra8+ Kd7 77. Rg8 1-0


[Site "https://www.chess.com"]

[Event "Titled Tuesday Blitz June 07 Late 2022"]
[White "Shimanov, Aleksandr"]
[Black "Svane, Rasmus"]
[WhiteFideId "4198603"]
[BlackFideId "4657101"]
[WhiteElo "2605"]
[BlackElo "2674"]
[Result "0-1"]
[Round "11"]
[TimeControl "180+1"]
[Date "2022.06.07"]
[WhiteClock "0:00:02"]
[BlackClock "0:00:08"]

1. e4 c6 2. Bc4 d5 3. Bb3 dxe4 4. Qh5 g6 5. Qh4 Nf6 6. Nc3 Bg7 7. f3 exf3 8. Nxf3 Nbd7 9. d4 e6 10. Bh6 O-O 11. Ng5 Nh5 12. Bxg7 Kxg7 13. O-O Nb6 14. g4 h6 15. Nce4 hxg5 16. Nxg5 f6 17. gxh5 fxg5 18. Qe4 Rf5 19. hxg6 Bd7 20. c4 Qf6 21. Bc2 Rf8 22. Rxf5 exf5 23. Qe3 Nxc4 24. Qc3 Nd6 25. Re1 Re8 26. Re5 Nb5 27. Qc5 Nxd4 0-1


[Site "https://www.chess.com"]

[Event "Titled Tuesday Blitz June 07 Late 2022"]
[White "Terry, Renato"]
[Black "Svane, Frederik"]
[WhiteFideId "3803457"]
[BlackFideId "12923044"]
[WhiteElo "2577"]
[BlackElo "2459"]
[Result "0-1"]
[Round "11"]
[TimeControl "180+1"]
[Date "2022.06.07"]
[WhiteClock "0:00:01"]
[BlackClock "0:00:03"]

1. d4 Nf6 2. Bg5 e6 3. e4 h6 4. Bxf6 Qxf6 5. c3 d6 6. Bd3 g6 7. Ne2 Bg7 8. O-O O-O 9. f4 Qd8 10. Nd2 e5 11. Nf3 exf4 12. Nxf4 c5 13. Bc4 Qf6 14. Nd5 Qd8 15. Nf4 Qf6 16. Qd2 cxd4 17. Nxd4 Qg5 18. h4 Qc5 19. Bd5 Kh7 20. h5 g5 21. Ne2 Nc6 22. Bxf7 Bg4 23. b4 Qe5 24. Bd5 Bxh5 25. Nxc6 bxc6 26. Bxc6 Rac8 27. b5 Bxe2 28. Qxe2 Qxc3 29. Rad1 Qg3 30. Rf3 Qh4 31. Qf2 Qg4 32. Rxd6 Rcd8 33. Rxd8 Rxd8 34. Kh2 Qh5+ 35. Rh3 Be5+ 36. g3 Bxg3+ 37. Kxg3 Rd3+ 0-1


[Site "https://www.chess.com"]

[Event "Titled Tuesday Blitz June 07 Late 2022"]
[White "Wieczorek, Oskar"]
[Black "Uskov, Artem"]
[WhiteFideId "1133950"]
[BlackFideId "34254854"]
[WhiteElo "2330"]
[BlackElo "2335"]
[Result "1-0"]
[Round "11"]
[TimeControl "180+1"]
[Date "2022.06.07"]
[WhiteClock "0:00:35"]
[BlackClock "0:00:02"]

1. e4 c5 2. Nf3 d6 3. d4 cxd4 4. Nxd4 Nf6 5. Nc3 a6 6. h4 e5 7. Nb3 Be7 8. Bg5 Be6 9. Bxf6 Bxf6 10. g3 Nc6 11. Qd2 Bxb3 12. axb3 Nd4 13. Be2 Rc8 14. Bd1 g5 15. h5 h6 16. Qd3 Bg7 17. Nd5 O-O 18. c3 Ne6 19. Bg4 Nc5 20. Qc2 Ne6 21. O-O Rc5 22. b4 Rc6 23. Qd3 Nc7 24. Ne3 Ne8 25. Bd1 Nc7 26. Bb3 Kh8 27. Rad1 Ne8 28. Nf5 Nf6 29. Nxd6 Qc7 30. Nf5 Nxh5 31. Bd5 Rb6 32. Kg2 Nf6 33. Rh1 Ng8 34. Qe3 Rg6 35. Rh5 Nf6 36. Rhh1 Ng8 37. Bb3 Ne7 38. Nxe7 Qxe7 39. Qf3 Rf6 40. Qg4 Rd8 41. Rxd8+ Qxd8 42. Rd1 Qe7 43. Rd7 Qe8 44. Qd1 Kh7 45. Qd5 Qf8 46. Qxb7 1-0


[Site "https://www.chess.com"]

[Event "Titled Tuesday Blitz June 07 Late 2022"]
[White "Yuan, Qingyu"]
[Black "Souleidis, Georgios"]
[WhiteFideId "8609772"]
[BlackFideId "4206827"]
[WhiteElo "2359"]
[BlackElo "2401"]
[Result "1-0"]
[Round "11"]
[TimeControl "180+1"]
[Date "2022.06.07"]
[WhiteClock "0:00:31"]
[BlackClock "0:00:03"]

1. e4 e5 2. Nf3 d6 3. d4 Bg4 4. dxe5 Nd7 5. exd6 Bxd6 6. Be2 Qe7 7. Nd4 Be6 8. Nb5 Bb4+ 9. Bd2 Bxd2+ 10. Qxd2 Nb6 11. N1c3 a6 12. Nd4 O-O-O 13. Qe3 Nf6 14. O-O-O Kb8 15. a3 Rhe8 16. Rhe1 g6 17. f3 Bc4 18. Bxc4 Nxc4 19. Qd3 Nxa3 20. Qxa6 bxa6 21. Nc6+ Kb7 22. Nxe7 Rxd1+ 23. Rxd1 Nc4 24. Ned5 Nxd5 25. Nxd5 h5 26. b3 Ne5 27. Kb2 c6 28. Nc3 Kc7 29. Na4 Rb8 30. Nc5 Ra8 31. f4 Ng4 32. Rd7+ Kb6 33. b4 1-0


[Site "https://www.chess.com"]

[Event "Titled Tuesday Blitz June 07 Late 2022"]
[White "Zhigalko, Sergei"]
[Black "Silva, Miguel Antonio Neto"]
[WhiteFideId "13502956"]
[BlackFideId "1911929"]
[WhiteElo "2662"]
[BlackElo "2204"]
[Result "1-0"]
[Round "11"]
[TimeControl "180+1"]
[Date "2022.06.07"]
[WhiteClock "0:00:04"]
[BlackClock "0:00:16"]

1. e4 c5 2. Nf3 d6 3. d4 cxd4 4. Qxd4 Nc6 5. Bb5 Bd7 6. Bxc6 Bxc6 7. Nc3 Nf6 8. Bg5 e6 9. O-O-O h6 10. Bh4 Be7 11. Rhe1 e5 12. Qd3 g5 13. Bg3 Qa5 14. Nd2 b5 15. Kb1 Rc8 16. Nd5 Nxd5 17. exd5 Bd7 18. Ne4 f5 19. Nxd6+ Bxd6 20. Bxe5 Bxe5 21. Rxe5+ Kd8 22. d6 Qb6 23. Rxf5 Re8 24. Rf7 Rc5 25. Qh7 Qc6 26. Re7 Re5 27. Rxe8+ Rxe8 28. Qxh6 Qxg2 29. Qf6+ Kc8 30. b3 Qxh2 31. Rd3 Qe5 32. Qf7 Qe1+ 33. Kb2 Qe5+ 34. Kb1 Kd8 35. Qf3 Qe1+ 36. Rd1 Qe5 37. Qa8+ Bc8 38. d7 Ke7 39. dxc8=Q Rxc8 40. Qxc8 Kf6 41. Qd8+ 1-0


[Site "https://www.chess.com"]

[Event "Titled Tuesday Blitz June 07 Late 2022"]
[White "Zhurbinsky, David"]
[Black "Maksimovic, Bojan"]
[WhiteFideId "2072904"]
[BlackFideId "14408120"]
[WhiteElo "2565"]
[BlackElo "2453"]
[Result "0-1"]
[Round "11"]
[TimeControl "180+1"]
[Date "2022.06.07"]
[WhiteClock "0:00:10"]
[BlackClock "0:01:08"]

1. e4 e5 2. Nf3 Nf6 3. Nxe5 d6 4. Nf3 Nxe4 5. d4 Nf6 6. Bd3 d5 7. O-O Be7 8. Re1 O-O 9. h3 c6 10. c4 Be6 11. c5 h6 12. Nc3 Nbd7 13. Bf4 Re8 14. Qd2 Nf8 15. Ne5 Qc8 16. Re3 Bf5 17. Bxf5 Qxf5 18. Rf3 Ne4 19. Qe3 Bg5 20. Bxg5 Qxg5 21. Nxf7 Qxe3 22. fxe3 Nd2 23. Rf2 Rxe3 24. Nxh6+ gxh6 25. Rxd2 Ne6 26. Rf1 Re8 27. Rf6 Kg7 28. Rdf2 Re7 29. Kh2 Nxd4 30. R6f4 Ne2 31. Rg4+ Kh7 32. Nd1 R3e6 33. Rf5 Nc1 34. Nf2 Nxa2 35. Nd3 Re4 36. Nf4 Nc1 37. Rf6 Ne2 38. Nxe2 Rxe2 39. Rgg6 Rg7 40. Rxh6+ Kg8 41. Rhg6 Rxb2 42. h4 a5 43. h5 a4 44. h6 Rxg6 45. Rxg6+ Kh7 46. Rg7+ Kxh6 47. Rc7 a3 48. Kg3 a2 49. Rxb7 Rxb7 50. Kh4 a1=Q 51. g4 Qh1+ 52. Kg3 Rb3+ 53. Kf4 Qe4# 0-1